 Dungeon Crawl Stone Soup version 0.19-a0-1193-g2641e52 (webtiles) character file.

442 Geppetto the Cudgeler (level 6, -4/73 HPs)
             Began as a Demonspawn Gladiator on Aug 19, 2016.
             Was a Follower of Trog.
             Killed from afar by an orc wizard (8 damage)
             ... with a magic dart
             ... on level 4 of the Dungeon.
             The game lasted 00:13:27 (5504 turns).

Geppetto the Cudgeler (Demonspawn Gladiator)        Turns: 5504, Time: 00:13:27

Health: -4/73      AC:  9    Str: 20    XL:     6   Next: 71%
Magic:  6/6        EV: 14    Int: 10    God:    Trog [*.....]
Gold:   199        SH:  0    Dex: 15    Spells: 0 memorised, 5 levels left

rFire  + . .     SeeInvis .     s - +1 flail (crush)
rCold  . . .     Gourm    .     n - +0 ring mail
rNeg   . . .     Faith    +     (no shield)
rPois  .         Spirit   .     c - +0 helmet
rElec  .         Dismiss  .     p - +0 cloak
rCorr  .         Reflect  .     b - +0 pair of gloves
MR     .....     Harm     .     m - +0 pair of boots
Stlth  ..........               l - amulet of faith
                                (no ring)
                                t - +2 ring of evasion

@: berserking, very quick
A: claws 2, fire resistance 1
a: Berserk, Burn Spellbooks, Renounce Religion


You were on level 4 of the Dungeon.
You worshipped Trog.
Trog was aware of your devotion.
You were not hungry.

You visited 1 branch of the dungeon, and saw 4 of its levels.

You collected 199 gold pieces.

Inventory:

Hand Weapons
 a - a +1 flail
 s - a +1 flail of crushing (weapon)
Missiles
 d - 3 throwing nets (quivered)
Armour
 b - a +0 pair of gloves (worn)
 c - a +0 helmet (worn)
 m - a +0 pair of boots (worn)
 n - a +0 ring mail (worn)
 p - a +0 cloak (worn)
Jewellery
 l - an amulet of faith (around neck)
 t - a +2 ring of evasion (left hand)
Scrolls
 h - 2 scrolls of identify
Potions
 e - a potion of ambrosia {unknown}
 j - a potion of curing
 k - a potion of cancellation {unknown}
 o - a potion of berserk rage {unknown}
 r - 3 potions of haste
Comestibles
 f - 2 bread rations
 g - a meat ration
 i - 2 chunks of flesh


   Skills:
 + Level 4.4 Fighting
 * Level 5.9 Maces & Flails
 - Level 1.7 Throwing
 - Level 2.6 Dodging


You had 5 spell levels left.
You didn't know any spells.

Dungeon Overview and Level Annotations

Branches:
Dungeon (4/15)
 Temple: D:4-7

Altars:
Gozag
Nemelex Xobeh
Qazlal
Sif Muna
Trog


Innate Abilities, Weirdness & Mutations

You have very sharp fingernails.
Your flesh is heat resistant. (rF+)


Message History

The adder barely misses you.
The gnoll hits you with a dagger of chaos.
* * * LOW HITPOINT WARNING * * *
x2 You thump the orc priest!
You kill the orc priest!
Trog accepts your kill. The adder misses you.
Something hits you but does no damage.
The gnoll hits you with a dagger of chaos.
* * * LOW HITPOINT WARNING * * *
You convulse.
* * * LOW HITPOINT WARNING * * *
You closely miss the gnoll. The adder barely misses you.
Something barely misses you.
You closely miss the gnoll. The adder misses you.
The gnoll hits you but does no damage.
You hit the gnoll.
The gnoll is heavily wounded.
A magic dart appears from out of thin air!
The magic dart hits you!
You die...

### #.## #..
.#########.#####
................
.......#....# ##### #
####..g#....###...#..##
.......S@...............
.#.##.#)..!..#<#.#[....
...#.#{#...##.#.#.##.#
#..#...#...........# #.
#..#.#.#.#.##.#.#### #..
#..#.#.#.#.#....# # #..
#..###.#.#.###### #. #..
#......#.#.. #.
#.#####.######.#.#


You could see a gnoll and an adder.

Vanquished Creatures
  A phantom (D:4)
  A howler monkey (D:4)
  A hound (D:3)
  An orc priest (D:4)
  A worker ant (D:4)
  9 gnolls
  4 adders
  An adder skeleton (D:4)
  5 worms
  10 orcs
  5 bats
  4 giant cockroaches
  6 goblins
  7 hobgoblins
  14 jackals
  A ball python (D:4)
  7 giant newts
  6 kobolds
  A rat (D:1)
85 creatures vanquished.

Notes
Turn   | Place    | Note
-------+----------+-------------------------------------------
     0 | D:1      | Geppetto the Demonspawn Gladiator began the quest for the Orb.
     0 | D:1      | Reached XP level 1. HP: 16/16 MP: 1/1
   257 | D:1      | Reached skill level 3 in Maces & Flails
   260 | D:1      | Gained mutation: You have sharp fingernails. [demonic ancestry]
   260 | D:1      | Reached XP level 2. HP: 12/22 MP: 2/2
   979 | D:2      | Reached XP level 3. HP: 10/28 MP: 3/3
  1700 | D:2      | Gained mutation: You have very sharp fingernails. [demonic ancestry]
  1700 | D:2      | Reached XP level 4. HP: 32/34 MP: 4/4
  1706 | D:2      | Reached skill level 4 in Maces & Flails
  2321 | D:2      | Found a sparkling altar of Nemelex Xobeh.
  2443 | D:2      | Found a stormy altar of Qazlal.
  2446 | D:2      | Found a bloodstained altar of Trog.
  2449 | D:2      | Found a sparkling altar of Nemelex Xobeh.
  2453 | D:2      | Became a worshipper of Trog the Wrathful
  3064 | D:3      | Found an opulent altar of Gozag.
  3089 | D:3      | Found a faded altar of an unknown god.
  3119 | D:3      | Found a deep blue altar of Sif Muna.
  3256 | D:3      | Reached XP level 5. HP: 17/41 MP: 5/5
  4493 | D:4      | Reached skill level 5 in Maces & Flails
  4499 | D:4      | Reached * piety under Trog
  4771 | D:4      | Gained mutation: Your flesh is heat resistant. (rF+) [demonic ancestry]
  4771 | D:4      | Reached XP level 6. HP: 19/48 MP: 6/6
  5504 | D:4      | Killed from afar by an orc wizard

Vault maps used:
D:1:      dpeg_chamrin_arrival_tetris
D:2:      grunt_temple_overflow_diamond, kennysheep_small_spiral,
          nemelex_diamond_rough_becter
D:3:      grunt_gozag_statues, lemuel_crystal_altar, first_bread,
          ecumenical_altar_2
D:4:      tgw_xom

Skill      XL: |  1  2  3  4  5  6 |
---------------+-------------------+-----
Maces & Flails | 3 4 5 |  5.9
Fighting       | 3 4 |  4.4
Throwing       | |  1.7
Dodging        | |  2.6

Action                   |  1- 3 |  4- 6 || total
-------------------------+-------+-------++-------
Melee: Flail             |   111 |   128 ||   239
       Staff             |       |   228 ||   228
Invok: Berserk           |       |     2 ||     2
  Use: Scroll            |     7 |     5 ||    12
 Stab: Sleeping          |     1 |       ||     1
  Eat: Chunk             |     3 |     9 ||    12
       Bread ration      |       |     1 ||     1
Armor: Leather armour    |    42 |       ||    42
       Ring mail         |    15 |   152 ||   167
Dodge: Dodged            |    98 |   254 ||   352
